Map: Waterfall

Players

Harstem - Winner!

  • Race: Protoss Protoss
  • Spawn Location: 1:00

trigger

  • Race: Protoss Protoss
  • Spawn Location: 7:00

Event: DreamHack SC2 Masters 2022 Atlanta (Offline)

VOD

Have the link to the VOD?

Description

Time

  • Played on: Nov. 18, 2022, 7:03 p.m.
  • Length: 7:22

All games in this series

Show
View Real Time Build Order
Export as new Build Order

Harstem Protoss - Winner!

Build Orders: Blink Stalkers 

Get SALT Encoding   

  12  0:00  Probe  
  13  0:12  Probe  
  14  0:17  Pylon  
  14  0:24  Probe (Chrono Boost)  
  15  0:36  Probe (Chrono Boost)  
  15  0:38  Gateway  
  16  0:44  Probe (Chrono Boost)  
  16  0:46  Assimilator  
  17  0:51  Probe  
  17  0:56  Assimilator  
  18  1:03  Probe (Chrono Boost)  
  19  1:09  Gateway  
  19  1:13  Probe (Chrono Boost)  
  19  1:18  Probe  
  21  1:26  Cybernetics Core  
  21  1:30  Probe  
  22  1:36  Pylon  
  22  1:42  Probe  
  24  2:02  Stalker x2  
  24  2:04  Warp Gate  
  27  2:25  Nexus  
  27  2:31  Probe  
  27  2:36  Pylon  
  28  2:42  Sentry  
  28  2:43  Probe  
  31  2:52  Twilight Council  
  31  2:55  Probe (Chrono Boost)  
  32  3:07  Probe (Chrono Boost)  
  33  3:16  Probe (Chrono Boost)  
  34  3:21  Probe  
  34  3:22  Blink (Chrono Boost)  
  35  3:34  Probe  
  36  3:37  Probe  
  37  3:44  Nexus  
  37  3:47  Probe  
  38  3:54  Stalker  
  41  4:00  Probe, Stalker  
  41  4:01  Probe  
  44  4:12  Probe  
  44  4:16  Dark Shrine  
  45  4:17  Stalker  
  45  4:19  Pylon  
  48  4:25  Stalker  
  48  4:26  Probe  
  48  4:28  Probe  
  51  4:38  Shield Battery, Probe  
  52  4:42  Stalker  
  49  4:54  Stalker  
  49  4:56  Probe x2  
  49  4:57  Probe  
  52  5:06  Stalker  
  50  5:08  Probe  
  50  5:11  Pylon  
  50  5:12  Probe x2  
  51  5:17  Gateway  
  51  5:20  Probe, Stalker  
  50  5:24  Probe  
  49  5:30  Dark Templar  
  49  5:33  Probe  
  49  5:35  Probe  
  51  5:37  Assimilator  
  51  5:39  Probe  
  50  5:44  Dark Templar  
  50  5:45  Probe  
  50  5:47  Probe  
  50  5:49  Gateway  
  53  5:51  Probe, Pylon  
  53  5:56  Shield Battery  
  53  5:57  Probe  
  53  5:59  Probe  
  53  6:01  Stalker  
  57  6:10  Probe  
  58  6:11  Probe  
  58  6:16  Stalker  
  61  6:20  Dark Templar  
  61  6:23  Nexus  
  63  6:34  Probe, Stalker  
  63  6:35  Probe  
  67  6:43  Stalker  
  67  6:47  Probe  
  70  6:51  Pylon  
  70  7:06  Robotics Facility  
  70  7:09  Probe x2, Pylon  
  70  7:10  Stalker x3  
  70  7:14  Pylon  
Show
View Real Time Build Order
Export as new Build Order

trigger Protoss 

Build Orders: 1 Gate Expand, Phoenix Opening, Blink Stalkers 

Get SALT Encoding   

  12  0:00  Probe  
  13  0:12  Probe  
  14  0:18  Pylon  
  14  0:24  Probe (Chrono Boost)  
  15  0:36  Probe (Chrono Boost)  
  15  0:38  Gateway  
  16  0:45  Probe (Chrono Boost)  
  16  0:47  Assimilator  
  17  0:51  Probe  
  18  1:03  Probe  
  19  1:15  Probe  
  20  1:28  Nexus  
  20  1:33  Cybernetics Core  
  20  1:36  Probe  
  21  1:43  Assimilator  
  21  1:49  Probe  
  21  1:52  Pylon  
  22  2:01  Probe  
  23  2:06  Warp Gate (Chrono Boost)  
  23  2:08  Stalker (Chrono Boost)  
  23  2:13  Probe  
  26  2:22  Shield Battery  
  26  2:25  Probe (Chrono Boost)  
  27  2:31  Sentry  
  30  2:37  Probe (Chrono Boost)  
  30  2:38  Gateway  
  31  2:45  Probe x2 (Chrono Boost)  
  31  2:53  Probe (Chrono Boost)  
  31  2:57  Twilight Council, Probe (Chrono Boost)  
  33  3:04  Phoenix  
  33  3:05  Probe (Chrono Boost)  
  34  3:10  Probe (Chrono Boost), Stalker  
  34  3:11  Probe (Chrono Boost)  
  38  3:15  Pylon  
  38  3:18  Probe  
  39  3:20  Probe  
  40  3:27  Blink (Chrono Boost)  
  40  3:30  Probe  
  41  3:35  Gateway  
  41  3:37  Probe  
  42  3:43  Probe  
  42  3:47  Stalker  
  45  3:48  Stalker  
  45  3:50  Probe  
  45  3:55  Probe  
  49  4:01  Gateway  
  50  4:02  Pylon  
  50  4:07  Probe  
  51  4:10  Stalker  
  51  4:11  Stalker  
  51  4:16  Assimilator  
  54  4:20  Probe  
  54  4:21  Pylon  
  55  4:24  Probe  
  55  4:29  Stalker  
  58  4:34  Stalker  
  58  4:37  Stalker  
  62  4:40  Probe x2  
  62  4:52  Probe  
  59  4:58  Stalker x3  
  61  5:04  Probe  
  61  5:05  Stalker  
  61  5:14  Nexus  
  60  5:23  Stalker x3  
  66  5:32  Pylon  
  66  5:38  Probe  
  66  5:39  Robotics Facility, Probe  
  66  5:41  Pylon  
  68  5:50  Stalker x2  
  68  5:51  Probe x2  
  72  5:59  Stalker  
  72  6:03  Pylon  
  70  6:05  Pylon  
  69  6:12  Probe x2  
  69  6:22  Sentry  
  72  6:29  Pylon  
  72  6:31  Pylon  
  66  6:41  Robotics Facility  
  58  6:51  Probe x2  
  58  7:00  Zealot  
  52  7:02  Stalker  
  52  7:04  Probe  
  52  7:05  Zealot  
  57  7:08  Probe  
Tags
 
Add a new tag
Caveats
  • Supply blocks, unpowered buildings, or Contaminate may cause inaccurate times.
  • Supply counts are checked every 10 seconds.